[ AOE2 MATCH · #476780350 ]
1v1 RMTurks vs Mongols
Player's team · WIN
Rival team · LOSS
[ REPLAY ANALYSIS · EXTRACTED FROM THE RECORDED GAME ]
Feudal
15:25
Castle
23:01
Imperial
29:06
| APM avg | 17.6 |
| APM peak | 33 |
| eAPM avg | 12.2 |
| Villagers / military | 81 / 156 |
Focus
⚔️ 44.5% · 🌾 55.5%
Janissary ×73 · Hand Cannoneer ×49 · Spearman ×22 · Bombard Cannon ×11 · Cavalry Archer ×1
Feudal
11:00
Castle
16:35
Imperial
46:45
| APM avg | 21.9 |
| APM peak | 45 |
| eAPM avg | 13.7 |
| Villagers / military | 97 / 228 |
Focus
⚔️ 46.2% · 🌾 53.8%
Skirmisher ×90 · Knight ×57 · Archer ×38 · Scout Cavalry ×18 · Steppe Lancer ×13 · Mangudai ×7
Match map
Resources at game start + every placement click. Thick line = wall · dashed box = detected house wall. 🟡 gold · ⚪ stone · 🟢 berries · 🔶 boar · ⭕ relic
Your base· Open — unwalled flank
papaXplode's base· Open — unwalled flank
Elevation-shaded terrain · ⚠ = detected wall gap · hover for details
Inputs per minute
— FOXY_KING49 - - papaXplode
Build order — FOXY_KING49
First 150 of 385 actions detected
| 0:14 | Build | House |
| 0:15 | Build | House |
| 0:16 | Build | House |
| 0:39 | Create | Villager (Male) |
| 0:39 | Research | Loom |
| 0:40 | Create | Villager (Male) |
| 0:40 | Create | Villager (Male) |
| 0:40 | Create | Villager (Male) |
| 0:40 | Create | Villager (Male) |
| 1:12 | Build | Mill |
| 2:32 | Create | Villager (Male) |
| 2:53 | Create | Villager (Male) |
| 3:31 | Create | Villager (Male) |
| 3:55 | Create | Villager (Male) |
| 4:13 | Create | Villager (Male) |
| 4:31 | Create | Villager (Male) |
| 4:57 | Create | Villager (Male) |
| 4:57 | Create | Villager (Male) |
| 5:14 | Create | Villager (Male) |
| 5:27 | Create | Villager (Male) |
| 5:28 | Create | Villager (Male) |
| 5:47 | Build | Lumber Camp |
| 5:50 | Create | Villager (Male) |
| 6:18 | Create | Villager (Male) |
| 6:18 | Create | Villager (Male) |
| 6:18 | Create | Villager (Male) |
| 6:35 | Create | Villager (Male) |
| 6:35 | Create | Villager (Male) |
| 6:41 | Build | House |
| 6:57 | Create | Villager (Male) |
| 6:58 | Create | Villager (Male) |
| 7:08 | Build | Farm |
| 7:18 | Create | Villager (Male) |
| 7:23 | Build | Palisade Wall |
| 7:25 | Build | Palisade Wall |
| 7:26 | Build | Palisade Wall |
| 7:27 | Build | Palisade Wall |
| 7:28 | Build | Palisade Wall |
| 7:49 | Build | Farm |
| 8:11 | Build | Palisade Wall |
| 8:11 | Build | Palisade Wall |
| 8:19 | Build | House |
| 8:20 | Build | House |
| 8:29 | Create | Villager (Male) |
| 8:29 | Create | Villager (Male) |
| 8:34 | Build | Farm |
| 8:41 | Create | Villager (Male) |
| 8:58 | Build | Farm |
| 9:01 | Create | Villager (Male) |
| 9:08 | Build | Palisade Wall |
| 9:10 | Build | Palisade Wall |
| 9:11 | Build | Palisade Wall |
| 9:12 | Build | Palisade Wall |
| 9:13 | Build | Palisade Wall |
| 9:15 | Build | Palisade Wall |
| 9:27 | Build | Palisade Wall |
| 9:28 | Build | Palisade Wall |
| 9:30 | Build | Palisade Wall |
| 9:31 | Build | Palisade Wall |
| 9:33 | Build | Palisade Wall |
| 9:34 | Build | Palisade Wall |
| 9:43 | Create | Villager (Male) |
| 9:43 | Create | Villager (Male) |
| 10:04 | Build | Palisade Wall |
| 10:05 | Build | Palisade Wall |
| 10:07 | Build | Palisade Wall |
| 10:20 | Build | Palisade Wall |
| 10:23 | Build | Palisade Wall |
| 10:24 | Build | Palisade Wall |
| 10:25 | Build | Palisade Wall |
| 10:28 | Build | Palisade Wall |
| 10:38 | Create | Villager (Male) |
| 10:39 | Create | Villager (Male) |
| 11:09 | Build | Farm |
| 11:19 | Create | Villager (Male) |
| 11:26 | Build | Palisade Wall |
| 11:27 | Build | Palisade Wall |
| 11:29 | Build | Palisade Wall |
| 11:30 | Build | Palisade Wall |
| 11:40 | Build | Barracks |
| 11:46 | Build | Palisade Wall |
| 12:01 | Build | Mining Camp |
| 12:28 | Build | Palisade Wall |
| 12:29 | Build | Palisade Wall |
| 12:30 | Build | Palisade Wall |
| 12:31 | Build | Palisade Wall |
| 12:33 | Build | Palisade Wall |
| 12:46 | Build | Palisade Wall |
| 12:48 | Build | Palisade Wall |
| 12:49 | Build | Palisade Wall |
| 13:02 | Build | Palisade Wall |
| 13:02 | Build | Palisade Wall |
| 13:03 | Build | Palisade Wall |
| 13:15 | Research | Feudal Age |
| 13:22 | Build | Farm |
| 13:23 | Build | Farm |
| 13:24 | Build | Farm |
| 13:25 | Build | Farm |
| 13:43 | Build | Farm |
| 13:58 | Build | Farm |
| 14:00 | Create | Villager (Male) |
| 14:01 | Create | Villager (Male) |
| 14:01 | Create | Villager (Male) |
| 14:15 | Build | House |
| 14:16 | Build | House |
| 14:24 | Build | Palisade Wall |
| 14:24 | Build | Palisade Wall |
| 14:25 | Build | Palisade Wall |
| 14:27 | Build | Palisade Wall |
| 14:28 | Build | Palisade Wall |
| 14:30 | Build | Palisade Wall |
| 14:47 | Create | Villager (Male) |
| 15:19 | Build | Palisade Wall |
| 15:20 | Build | Palisade Wall |
| 15:21 | Build | Palisade Wall |
| 15:25 | Age | Feudal Age |
| 15:32 | Create | Spearman |
| 15:32 | Create | Spearman |
| 15:32 | Create | Spearman |
| 15:47 | Research | Stone Mining |
| 15:52 | Build | Blacksmith |
| 15:58 | Build | Mill |
| 16:07 | Create | Spearman |
| 16:18 | Create | Spearman |
| 16:28 | Build | House |
| 16:29 | Build | House |
| 16:40 | Research | Double-Bit Axe |
| 16:44 | Create | Villager (Male) |
| 16:45 | Create | Villager (Male) |
| 16:55 | Research | Gold Mining |
| 17:19 | Create | Spearman |
| 17:19 | Create | Spearman |
| 17:33 | Build | House |
| 17:34 | Build | House |
| 17:40 | Build | Mining Camp |
| 18:07 | Create | Spearman |
| 18:17 | Build | Archery Range |
| 18:30 | Create | Spearman |
| 18:41 | Create | Villager (Male) |
| 18:41 | Create | Villager (Male) |
| 18:44 | Create | Villager (Male) |
| 18:53 | Build | House |
| 18:54 | Build | House |
| 18:55 | Build | House |
| 19:06 | Build | Archery Range |
| 19:13 | Create | Villager (Male) |
| 19:40 | Create | Spearman |
| 19:40 | Create | Spearman |
| 19:52 | Research | Castle Age |
| 20:28 | Create | Villager (Male) |
Build order — papaXplode
First 150 of 452 actions detected
| 0:00 | Create | Villager (Male) |
| 0:00 | Create | Villager (Male) |
| 0:00 | Create | Villager (Male) |
| 0:01 | Create | Villager (Male) |
| 0:03 | Build | House |
| 0:05 | Build | House |
| 1:28 | Create | Villager (Male) |
| 1:47 | Build | Lumber Camp |
| 1:49 | Create | Villager (Male) |
| 2:29 | Create | Villager (Male) |
| 3:10 | Create | Villager (Male) |
| 3:38 | Create | Villager (Male) |
| 3:42 | Build | House |
| 3:49 | Create | Villager (Male) |
| 4:07 | Create | Villager (Male) |
| 4:27 | Build | Mill |
| 4:57 | Create | Villager (Male) |
| 5:05 | Create | Villager (Male) |
| 5:55 | Create | Villager (Male) |
| 5:56 | Create | Villager (Male) |
| 6:16 | Create | Villager (Male) |
| 6:37 | Create | Villager (Male) |
| 6:40 | Build | House |
| 7:15 | Create | Villager (Male) |
| 7:18 | Create | Villager (Male) |
| 7:49 | Build | Mill |
| 7:57 | Build | Farm |
| 7:59 | Create | Villager (Male) |
| 8:12 | Research | Feudal Age |
| 8:21 | Build | Farm |
| 9:13 | Build | Lumber Camp |
| 9:50 | Build | House |
| 9:56 | Create | Villager (Male) |
| 10:00 | Create | Villager (Male) |
| 10:49 | Create | Villager (Male) |
| 11:00 | Age | Feudal Age |
| 11:08 | Research | Double-Bit Axe |
| 11:15 | Build | Blacksmith |
| 11:29 | Build | Market |
| 11:39 | Build | Mining Camp |
| 11:42 | Create | Villager (Male) |
| 12:00 | Build | House |
| 12:10 | Build | Farm |
| 12:17 | Build | Farm |
| 12:36 | Create | Villager (Male) |
| 12:57 | Create | Villager (Male) |
| 13:18 | Create | Villager (Male) |
| 13:53 | Research | Castle Age |
| 14:00 | Build | Farm |
| 14:06 | Build | Barracks |
| 14:28 | Research | Horse Collar |
| 14:44 | Build | House |
| 15:05 | Build | Stable |
| 15:11 | Build | Stable |
| 15:21 | Build | Farm |
| 15:27 | Create | Spearman |
| 15:57 | Research | Forging |
| 16:09 | Create | Villager (Male) |
| 16:35 | Age | Castle Age |
| 16:38 | Build | Farm |
| 16:45 | Create | Steppe Lancer |
| 16:45 | Create | Steppe Lancer |
| 16:57 | Build | Farm |
| 17:02 | Build | Farm |
| 17:07 | Create | Villager (Male) |
| 17:07 | Create | Villager (Male) |
| 17:20 | Create | Villager (Male) |
| 17:27 | Build | Town Center |
| 17:57 | Create | Steppe Lancer |
| 17:57 | Create | Steppe Lancer |
| 18:20 | Create | Steppe Lancer |
| 18:20 | Create | Steppe Lancer |
| 18:33 | Build | Archery Range |
| 18:50 | Build | House |
| 18:51 | Build | House |
| 18:52 | Build | House |
| 18:56 | Create | Villager (Male) |
| 18:56 | Create | Villager (Male) |
| 19:13 | Create | Villager (Male) |
| 19:44 | Create | Archer |
| 19:44 | Create | Archer |
| 19:46 | Create | Archer |
| 19:52 | Research | Bow Saw |
| 19:59 | Build | Town Center |
| 20:07 | Build | Farm |
| 20:11 | Build | Farm |
| 20:14 | Create | Steppe Lancer |
| 20:32 | Build | Monastery |
| 20:37 | Create | Villager (Male) |
| 20:37 | Create | Villager (Male) |
| 20:41 | Build | Farm |
| 20:43 | Build | Farm |
| 20:52 | Create | Villager (Male) |
| 20:58 | Build | Farm |
| 21:02 | Build | Farm |
| 21:04 | Create | Villager (Male) |
| 21:12 | Build | Farm |
| 21:19 | Create | Villager (Male) |
| 21:19 | Create | Villager (Male) |
| 21:27 | Create | Monk |
| 21:44 | Create | Archer |
| 21:44 | Create | Archer |
| 22:35 | Create | Monk |
| 22:48 | Research | Thumb Ring |
| 22:51 | Create | Archer |
| 22:51 | Create | Archer |
| 22:53 | Create | Villager (Male) |
| 22:53 | Create | Villager (Male) |
| 22:54 | Create | Villager (Male) |
| 23:00 | Create | Villager (Male) |
| 23:00 | Create | Villager (Male) |
| 23:03 | Build | Mining Camp |
| 23:07 | Create | Villager (Male) |
| 23:14 | Create | Spearman |
| 23:14 | Create | Spearman |
| 23:48 | Create | Villager (Male) |
| 23:48 | Create | Villager (Male) |
| 23:49 | Create | Villager (Male) |
| 23:49 | Create | Villager (Male) |
| 23:49 | Create | Villager (Male) |
| 23:55 | Build | Farm |
| 23:57 | Build | Farm |
| 23:58 | Build | Farm |
| 23:58 | Build | Farm |
| 23:58 | Build | Farm |
| 24:05 | Create | Villager (Male) |
| 24:15 | Research | Stone Mining |
| 24:24 | Create | Archer |
| 24:24 | Create | Archer |
| 24:39 | Create | Steppe Lancer |
| 24:39 | Create | Steppe Lancer |
| 24:47 | Build | Farm |
| 24:50 | Build | Farm |
| 24:57 | Build | Farm |
| 25:01 | Research | Scale Barding Armor |
| 25:35 | Research | Crossbowman (upgrade) |
| 25:45 | Research | Husbandry |
| 26:33 | Research | Bloodlines |
| 26:37 | Create | Scout Cavalry |
| 26:37 | Create | Scout Cavalry |
| 26:48 | Build | House |
| 26:48 | Build | House |
| 26:49 | Build | House |
| 26:49 | Build | House |
| 26:49 | Build | House |
| 26:50 | Build | House |
| 26:50 | Build | House |
| 26:59 | Create | Villager (Male) |
| 26:59 | Create | Villager (Male) |
| 27:00 | Create | Villager (Male) |
Match timeline
| 7:23 | FOXY_KING49 · wall_segment Palisade Wall x1 |
| 7:25 | FOXY_KING49 · wall_segment Palisade Wall x1 |
| 7:26 | FOXY_KING49 · wall_segment Palisade Wall x1 |
| 7:27 | FOXY_KING49 · wall_segment Palisade Wall x1 |
| 7:28 | FOXY_KING49 · wall_segment Palisade Wall x1 |
| 8:11 | FOXY_KING49 · wall_segment Palisade Wall x1 |
| 8:11 | FOXY_KING49 · wall_segment Palisade Wall x1 |
| 9:08 | FOXY_KING49 · wall_segment Palisade Wall x1 |
| 9:10 | FOXY_KING49 · wall_segment Palisade Wall x1 |
| 9:11 | FOXY_KING49 · wall_segment Palisade Wall x1 |
| 9:12 | FOXY_KING49 · wall_segment Palisade Wall x1 |
| 9:13 | FOXY_KING49 · wall_segment Palisade Wall x1 |
| 9:15 | FOXY_KING49 · wall_segment Palisade Wall x1 |
| 9:27 | FOXY_KING49 · wall_segment Palisade Wall x1 |
| 9:28 | FOXY_KING49 · wall_segment Palisade Wall x1 |
| 9:30 | FOXY_KING49 · wall_segment Palisade Wall x1 |
| 9:31 | FOXY_KING49 · wall_segment Palisade Wall x1 |
| 9:33 | FOXY_KING49 · wall_segment Palisade Wall x1 |
| 9:34 | FOXY_KING49 · wall_segment Palisade Wall x1 |
| 10:04 | FOXY_KING49 · wall_segment Palisade Wall x1 |
| 10:05 | FOXY_KING49 · wall_segment Palisade Wall x1 |
| 10:07 | FOXY_KING49 · wall_segment Palisade Wall x1 |
| 10:20 | FOXY_KING49 · wall_segment Palisade Wall x1 |
| 10:23 | FOXY_KING49 · wall_segment Palisade Wall x1 |
| 10:24 | FOXY_KING49 · wall_segment Palisade Wall x1 |
| 10:25 | FOXY_KING49 · wall_segment Palisade Wall x1 |
| 10:28 | FOXY_KING49 · wall_segment Palisade Wall x1 |
| 11:00 | papaXplode · age_up feudal |
| 11:26 | FOXY_KING49 · wall_segment Palisade Wall x1 |
| 11:27 | FOXY_KING49 · wall_segment Palisade Wall x1 |
| 11:29 | FOXY_KING49 · wall_segment Palisade Wall x1 |
| 11:30 | FOXY_KING49 · wall_segment Palisade Wall x1 |
| 11:40 | FOXY_KING49 · first_building Barracks |
| 11:46 | FOXY_KING49 · wall_segment Palisade Wall x1 |
| 12:28 | FOXY_KING49 · wall_segment Palisade Wall x1 |
| 12:29 | FOXY_KING49 · wall_segment Palisade Wall x1 |
| 12:30 | FOXY_KING49 · wall_segment Palisade Wall x1 |
| 12:31 | FOXY_KING49 · wall_segment Palisade Wall x1 |
| 12:33 | FOXY_KING49 · wall_segment Palisade Wall x1 |
| 12:46 | FOXY_KING49 · wall_segment Palisade Wall x1 |
| 12:48 | FOXY_KING49 · wall_segment Palisade Wall x1 |
| 12:49 | FOXY_KING49 · wall_segment Palisade Wall x1 |
| 13:02 | FOXY_KING49 · wall_segment Palisade Wall x1 |
| 13:02 | FOXY_KING49 · wall_segment Palisade Wall x1 |
| 13:03 | FOXY_KING49 · wall_segment Palisade Wall x1 |
| 14:06 | papaXplode · first_building Barracks |
| 14:24 | FOXY_KING49 · wall_segment Palisade Wall x1 |
| 14:24 | FOXY_KING49 · wall_segment Palisade Wall x1 |
| 14:25 | FOXY_KING49 · wall_segment Palisade Wall x1 |
| 14:27 | FOXY_KING49 · wall_segment Palisade Wall x1 |
| 14:28 | FOXY_KING49 · wall_segment Palisade Wall x1 |
| 14:30 | FOXY_KING49 · wall_segment Palisade Wall x1 |
| 15:05 | papaXplode · first_building Stable |
| 15:19 | FOXY_KING49 · wall_segment Palisade Wall x1 |
| 15:20 | FOXY_KING49 · wall_segment Palisade Wall x1 |
| 15:21 | FOXY_KING49 · wall_segment Palisade Wall x1 |
| 15:25 | FOXY_KING49 · age_up feudal |
| 16:35 | papaXplode · age_up castle |
| 18:17 | FOXY_KING49 · first_building Archery Range |
| 18:33 | papaXplode · first_building Archery Range |
| 20:32 | papaXplode · first_building Monastery |
| 23:01 | FOXY_KING49 · age_up castle |
| 23:15 | FOXY_KING49 · first_building Castle |
| 26:19 | FOXY_KING49 · first_market_sell 100 wood |
| 27:07 | FOXY_KING49 · first_building Siege Workshop |
| 27:47 | papaXplode · first_market_sell 100 wood |
| 29:06 | FOXY_KING49 · age_up imperial |
| 33:00 | papaXplode · first_building Castle |
| 45:57 | papaXplode · first_building Siege Workshop |
| 46:45 | papaXplode · age_up imperial |
| 48:13 | papaXplode · resign |
[ AI ANALYSIS · 1 CREDIT ]
What really happened in this match?
Wolo.gg analyzes every decision: build order, eco, micro, common mistakes by bracket. Personalized analysis on WhatsApp or Discord in 30 seconds.
Civ guide
Turks
Map guide
Arena
Perfil
FOXY_KING49